 Dungeon Crawl Stone Soup version 0.19.1-1-g22dce08 (webtiles) character file.

295943 dvd the Severer (level 21, 0/168 HPs)
             Began as a Formicid Abyssal Knight on Dec 28, 2016.
             Was the Champion of Lugonu.
             Killed from afar by a deep elf death mage (27 damage)
             ... with a bolt of negative energy
             ... on level 3 of the Elven Halls.
             The game lasted 03:19:20 (50934 turns).

dvd the Severer (Formicid Abyssal Knight)          Turns: 50934, Time: 03:19:20

Health: 0/168      AC: 27    Str: 25    XL:     21   Next: 79%
Magic:  29/29      EV: 10    Int: 20    God:    Lugonu [******]
Gold:   1655       SH: 27    Dex: 18    Spells: 2 memorised, 23 levels left

rFire  + . .     SeeInvis +     a - +9 battleaxe (distort)
rCold  + . .     Gourm    .     Z - +1 plate armour of Synchronized Stabbing {-Cast rPois Str+4 Int+3}
rNeg   . . .     Faith    .     r - +4 shield
rPois  +         Spirit   .     (helmet unavailable)
rElec  +         Reflect  +     o - +2 cloak
rCorr  .         Harm     .     i - +2 pair of gloves {archery}
MR     ++...     NoCast   +     y - +2 pair of boots
Stlth  ..........               H - +4 amulet of reflection
                                h - ring "Deetac" {rElec rF+ Int+4 Dex+3}
                                n - ring of protection from cold

@: lethally poisoned (0 -> -1), heavily drained
A: permanent stasis, dig shafts and tunnels, four strong arms, antennae 3, large
bone plates 1, sense surroundings 1
a: Dig, Shaft Self, Depart the Abyss, Bend Space, Banish, Corrupt, Enter the
Abyss, Renounce Religion
}: 2/15 runes: barnacled, gossamer


You were on level 3 of the Elven Halls.
You worshipped Lugonu.
Lugonu was exalted by your worship.
You were not hungry.

You visited 8 branches of the dungeon, and saw 38 of its levels.
You visited the Abyss 2 times.
You visited 1 bazaar.
You also visited: Labyrinth and Ossuary.

You collected 3931 gold pieces.
You spent 2276 gold pieces at shops.

Inventory:

Hand Weapons
 a - a +9 battleaxe of distortion (weapon)
 b - a +9 war axe of flaming
 c - the +8 halberd of Uhuch {chop, rF+ Dex+4}
   (You bought it in a shop in a bazaar)

   It inflicts extra damage upon your enemies.
   It affects your dexterity (+4).
   It protects you from fire.
 d - a +6 dire flail of holy wrath
 e - a +3 battleaxe of electrocution
 N - the +2 quarterstaff of Exquisite Torment {vamp, rN+ MR+ Dex-5}
   (You took it off a deep elf high priest on level 3 of the Elven Halls)

   It inflicts no extra harm, but heals its wielder when it wounds a living foe.
   It affects your dexterity (-5).
   It protects you from negative energy.
   It affects your resistance to hostile enchantments.
 P - a +1 battleaxe of freezing
Missiles
 u - 10 javelins of returning (quivered)
 A - 11 silver javelins
 B - 82 javelins
 J - 19 javelins of penetration
 L - 11 tomahawks of returning
 R - 13 poisoned javelins
Armour
 i - a +2 pair of gloves of archery (worn)
 o - a +2 cloak (worn)
 r - a +4 shield (worn)
 y - a +2 pair of boots (worn)
 Y - a +3 scale mail of fire resistance
 Z - the +1 plate armour of Synchronized Stabbing (worn) {-Cast rPois Str+4 Int+3}
   (You bought it in a shop on level 2 of the Orcish Mines)

   It affects your strength (+4).
   It affects your intelligence (+3).
   It protects you from poison.
   It prevents spellcasting.
Jewellery
 h - the ring "Deetac" (right hand) {rElec rF+ Int+4 Dex+3}
   (You bought it in a shop in a bazaar)

   [ring of dexterity]

   It affects your intelligence (+4).
   It affects your dexterity (+3).
   It protects you from fire.
   It insulates you from electricity.
 m - a +5 ring of dexterity
 n - a ring of protection from cold (left hand)
 z - an uncursed ring of resist corrosion
 H - a +4 amulet of reflection (around neck)
 O - an uncursed ring of poison resistance
 U - an uncursed ring of protection from magic
Wands
 x - a wand of lightning (7/15)
 D - a wand of paralysis (16/24)
 I - a wand of iceblast (6/15)
 K - a wand of acid (6/15)
 W - a wand of iceblast (8/15)
Scrolls
 g - 18 scrolls of identify
 l - 4 scrolls of amnesia
 p - a scroll of summoning
 t - a scroll of fear
 w - 17 scrolls of remove curse
 C - 10 scrolls of fog
 E - 2 scrolls of holy word
 F - 6 scrolls of recharging
 T - 3 scrolls of brand weapon
Potions
 f - 4 potions of cure mutation
 s - a potion of magic
 v - 3 potions of flight
 G - 6 potions of brilliance
 M - 12 potions of curing
 S - 3 potions of resistance
Comestibles
 j - 16 bread rations
 Q - 2 beef jerkies
 V - 38 fruits
 X - 10 meat rations


   Skills:
 + Level 15.2(11.9) Fighting
 + Level 19.6(16.7) Axes
 + Level 8.6(12.0) Maces & Flails
 + Level 6.6(11.3) Polearms
 + Level 5.5(2.9) Throwing
 * Level 15.3(12.0) Armour
 + Level 6.2(3.6) Dodging
 + Level 3.3(0.9) Stealth
 + Level 18.8(15.3) Shields
 + Level 4.0(1.5) Spellcasting
 + Level 0.6(0.0) Charms
 + Level 0.1(0.0) Air Magic
 + Level 11.7(8.7) Invocations
 + Level 0.2(0.0) Evocations


You had 23 spell levels left.
You knew the following spells:

 Your Spells              Type           Power        Failure   Level  Hunger
a - Repel Missiles        Chrm/Air       #.....       99%         2    ###....
b - Regeneration          Chrm/Necr      #.........   100%        3    ###....


Dungeon Overview and Level Annotations

Branches:
Dungeon (15/15)            Temple (1/1) D:5            Lair (6/6) D:8
 Shoals (4/4) Lair:2       Spider (4/4) Lair:2        Slime (0/5) Lair:5
    Orc (2/2) D:10            Elf (3/3) Orc:2        Vaults (3/5) D:14
  Crypt (0/3) Vaults:3     Depths (0/5) D:15

Altars:
Ashenzari
Cheibriados
Dithmenos
Elyvilon
Fedhas
Gozag
Hepliaklqana
Kikubaaqudgha
Makhleb
Nemelex Xobeh
Okawaru
Qazlal
Ru
Sif Muna
Trog
Uskayaw
Vehumet
Xom
Yredelemnul
Zin
The Shining One
Beogh

Shops:
D:7 =[[?(   D:9 *   D:11 *   Orc:2 [([:   Elf:1 [   Shoals:2 ?   Vaults:3 *

Portals:
Hell: Lair:6

Annotations:
Shoals:1 Frances
Shoals:3 corrupted
Shoals:4 corrupted
Spider:4 corrupted
Elf:3 corrupted
Abyss:1 Aizul, Ilsuiw, Louise, Polyphemus, Psyche


Innate Abilities, Weirdness & Mutations

You are under a permanent stasis effect.
You can dig through walls and to a lower floor.
Your four strong arms can wield two-handed weapons with a shield.
You have a pair of large antennae on your head. (SInv)
You are partially covered in large bone plates. (SH +4)
You passively map a small area around you.


Message History

Something smites you!
You block the deep elf death mage's attack.
You barely miss the deep elf annihilator.
The deep elf annihilator is heavily wounded.
Your plate armour of Synchronized Stabbing prevents you from hitting the redback.
You barely miss the deep elf death mage.
You block the redback's attack.
The deep elf elementalist casts a spell.
The deep elf death mage casts a spell at you.
The bolt of negative energy hits the lost soul.
The lost soul completely resists.
The bolt of negative energy hits you!
You feel drained.
* * * LOW HITPOINT WARNING * * *
Unknown command.
You feel much better. You block the redback's attack.
The deep elf annihilator hits you with a short sword.
* * * LOW HITPOINT WARNING * * *
The deep elf death mage casts a spell at you.
The bolt of negative energy hits you!
You feel drained.
You die...

# , { e......*
#.{........ ## * , ,
, {....# #ยง........
.## , ....#
#......... ..# ,,
{{.. *#ee)#..... ..#
e#e#######)#......
..#, * *
###**e.(()..#######
..# , #.......(.....#
* .##,
#..e.....)....# * ##
, ##.@se.........##*
# ##...e...........##
### * , ,
#.......###..)(...#
..# *, , *#......##
##......# , ..# ,
#.....## ##.....#*
..# ,#...).# #....[#{
..# * , #.....##
##(....# { ..# *,
#......## ##......#
..#
#(......###...[...#{,


You could see a deep elf annihilator, 2 deep elf death magi, a deep elf
elementalist, a deep elf knight (invisible), a redback and 2 lost souls.

Vanquished Creatures
  Xtahua (Vaults:2)
  Rupert (Lair:4)
  Asterion (Elf:1)
  2 deep elf master archers
  4 deep elf blademasters
  A sphinx (D:12)
  Donald (Spider:1)
  A tengu reaver (Vaults:3)
  5 deep elf sorcerers
  4 vault wardens
  6 ghost moths
  3 emperor scorpions
  A frost giant (Vaults:3)
  4 deep elf elementalists (Elf:3)
  3 ironheart preservers
  A very ugly thing (Vaults:3)
  2 deep elf demonologists (Elf:3)
  An entropy weaver (Spider:2)
  4 stone giants
  Azrael (D:14)
  4 deep elf annihilators (Elf:3)
  A spark wasp (Spider:4)
  An ettin (Vaults:3)
  4 merfolk impalers
  A deep elf death mage (Vaults:3)
  A fire dragon (D:15)
  2 jiangshi (Vaults:3)
  3 vault guards
  3 deep elf high priests
  An ice dragon (Vaults:2)
  A great orb of eyes (Vaults:1)
  3 hydras
  A rakshasa (D:15)
  3 merfolk avatars
  3 death knights
  3 centaur warriors
  An alligator snapping turtle (Shoals:4)
  5 ogre magi
  A tengu warrior (D:14)
  2 merfolk aquamancers (Shoals:4)
  A satyr (Shoals:4)
  20 dancing weapons
  5 death yaks
  An orc high priest (Orc:2)
  13 deep elf knights
  The ghost of appiemonkey the Fighter, a novice CeFi of Okawaru (D:8)
  A sun demon (Lair:6)
  3 shadow wraiths
  2 sixfirhies
  3 skeletal warriors (D:14)
  The ghost of dvd the Chopper, a novice FoAK of Lugonu (D:12)
  6 sea snakes
  3 unseen horrors
  A flayed ghost (Vaults:3)
  2 glowing orange brains
  A deep troll (Vaults:3)
  3 orc knights
  3 phantasmal warriors
  2 wizards
  The ghost of Apogee the Carver, a novice MiFi of Okawaru (D:6)
  A wolf spider zombie (D:13)
  10 deep elf archers
  4 hill giants
  12 harpies
  A necromancer (Vaults:3)
  9 orb spiders
  8 ironbrand convokers
  20 ugly things
  3 oklob plants (Lair:5)
  5 orc sorcerers
  23 wolf spiders
  7 cyclopes
  49 deep elf magi
  11 manticores
  2 fauns (Shoals:1)
  A moth of wrath (Spider:1)
  8 water nymphs
  Maurice (D:9)
  4 black mambas
  8 elephants
  4 sirens
  2 orange demons (Lair:6)
  A smoke demon (Lair:6)
  3 vault sentinels
  15 spiny frogs
  4 rime drakes
  A gargoyle (D:14)
  A spiny frog (shapeshifter) (Vaults:2)
  2 centaur skeletons
  12 demonic crawlers
  3 ice devils (Lair:6)
  An efreet (D:15)
  11 yaktaurs
  A freezing wraith (Vaults:3)
  2 kobold demonologists (D:13)
  A red devil (Lair:6)
  3 meliai (Spider:4)
  23 merfolk
  6 komodo dragons
  9 polar bears
  2 meliai (shapeshifter)
  2 trolls
  9 hornets
  A two-headed ogre (shapeshifter) (Elf:3)
  26 jumping spiders
  10 slime creatures
  A raiju (shapeshifter) (Vaults:2)
  13 two-headed ogres
  2 wind drakes (Shoals:1)
  A slime creature (shapeshifter) (D:12)
  A hippogriff (shapeshifter) (Vaults:3)
  10 hippogriffs
  4 dream sheep (Shoals:3)
  5 snapping turtles
  A spriggan (D:12)
  71 redbacks
  A vampire (D:12)
  3 air elementals
  8 water elementals
  25 tarantellas
  Sigmund (D:5)
  2 wraiths
  4 fire elementals
  A fire bat (shapeshifter) (D:14)
  3 wyverns
  A yak (shapeshifter) (Vaults:3)
  2 basilisks
  A hog (shapeshifter) (Vaults:1)
  3 hungry ghosts
  37 yaks
  11 vampire mosquitoes
  Menkaure (D:7)
  A steam dragon (D:11)
  A soldier ant (D:12)
  2 mottled dragons
  5 wargs
  10 water moccasins
  8 porcupines
  2 hell hounds
  8 ice beasts
  33 ogres
  9 black bears
  36 orc warriors
  A swamp drake (Lair:6)
  An eye of draining (D:10)
  4 phantoms
  5 sky beasts
  18 wolves
  19 centaurs
  15 crocodiles
  3 big kobolds
  7 elf zombies (Ossuary)
  An earth elemental (Elf:1)
  13 bullfrogs
  8 scorpions
  A wyvern skeleton (D:14)
  9 killer bees
  9 wights
  An electric eel (D:9)
  A howler monkey (D:9)
  8 crimson imps
  7 centaur zombies
  5 jellies
  A bullfrog zombie (D:10)
  5 hounds
  19 orc priests
  A gnoll shaman (D:6)
  A bullfrog skeleton (D:4)
  27 orc wizards
  3 iguanas
  10 worker ants
  2 killer bee zombies (D:9)
  2 hound skeletons
  3 mummies (Ossuary)
  A worker ant zombie (D:10)
  13 gnolls
  10 adders
  A shadow imp (D:12)
  2 white imps (D:9)
  An ufetubus (D:9)
  3 oozes
  An adder skeleton (D:5)
  4 worms
  8 leopard geckos
  119 orcs
  7 ball pythons
  8 bats
  4 giant cockroaches
  8 goblins
  7 hobgoblins
  11 jackals
  21 kobolds
  5 quokkas
  3 frilled lizards (D:1)
  A quokka skeleton (D:4)
  4 rats
  9 fungi
  6 plants
1301 creatures vanquished.

Vanquished Creatures (others)
  A deep elf master archer (Elf:3)
  A fire giant (Vaults:3)
  A deep elf sorcerer (Elf:3)
  2 emperor scorpions
  A deep elf elementalist (Elf:3)
  An ironheart preserver (Vaults:3)
  2 stone giants
  An entropy weaver (Vaults:1)
  2 deep elf demonologists (Elf:3)
  2 spark wasps (Spider:4)
  11 merfolk javelineers
  2 deep elf death magi
  2 merfolk impalers
  A deep elf high priest (Elf:3)
  A catoblepas (Shoals:3)
  The ghost of Miant the Fighter, a novice DrBe of Trog (D:9)
  2 merfolk aquamancers (Shoals:3)
  3 merfolk avatars
  2 centaur warriors
  2 satyrs (Shoals:4)
  A dancing weapon (Elf:3)
  An orc high priest (Orc:2)
  2 deep elf knights
  2 sea snakes
  2 slime creatures
  3 deep elf archers (Elf:2)
  A glowing orange brain (Vaults:2)
  2 hill giants
  An orc knight (Orc:2)
  An ironbrand convoker (Vaults:3)
  A swamp dragon (Shoals:3)
  A harpy (Shoals:1)
  An orc sorcerer (Orc:2)
  4 ugly things
  8 deep elf magi
  2 wolf spiders (Spider:4)
  8 orb spiders
  4 fauns (Shoals:1)
  4 cyclopes
  4 manticores
  5 sirens
  A vault sentinel (Vaults:2)
  2 spiny frogs (Lair:6)
  A guardian serpent (Spider:4)
  An orange demon (Lair:6)
  A kobold demonologist (D:12)
  2 yaktaurs
  A yaktaur (shapeshifter) (Elf:1)
  5 demonic crawlers
  An ice devil (Lair:6)
  11 merfolk
  2 hornets
  A queen bee (Spider:4)
  5 jumping spiders
  A dream sheep (Shoals:3)
  3 snapping turtles (Shoals:4)
  17 redbacks
  4 tarantellas (Spider:4)
  An air elemental (Elf:1)
  A vampire (D:14)
  A fire elemental (Elf:3)
  3 water elementals
  A vampire mosquito (D:14)
  A hell hound (D:14)
  2 orc warriors
  A boggart (Vaults:1)
  3 ogres
  10 centaurs
  A crocodile (Lair:6)
  5 killer bees (Spider:4)
  4 electric eels
  An orc wizard (D:4)
  A gnoll (Orc:1)
  5 orcs
  A jackal (D:11)
  6 fungi
  14 plants
  34 starspawn tentacles
254 creatures vanquished.

Grand Total: 1555 creatures vanquished

Notes
Turn   | Place    | Note
-------+----------+-------------------------------------------
     0 | Abyss:1  | dvd the Formicid Abyssal Knight began the quest for the Orb.
     0 | Abyss:1  | Reached XP level 1. HP: 18/18 MP: 2/2
    53 | Abyss:1  | Noticed a raiju
    54 | D:1      | Escaped the Abyss
    81 | D:1      | Reached skill level 1 in Dodging
    81 | D:1      | Reached XP level 2. HP: 21/24 MP: 3/3
    89 | D:1      | Reached * piety under Lugonu
   514 | D:1      | Reached XP level 3. HP: 29/29 MP: 4/4
  1354 | D:2      | Reached XP level 4. HP: 32/37 MP: 5/5
  1449 | D:3      | Reached skill level 3 in Axes
  1498 | D:3      | Reached ** piety under Lugonu
  1938 | D:3      | Found a faded altar of an unknown god.
  2062 | D:3      | Reached XP level 5. HP: 30/42 MP: 6/6
  2065 | D:3      | Reached skill level 1 in Shields
  2431 | D:4      | Reached XP level 6. HP: 48/48 MP: 7/7
  2545 | D:4      | Learned a level 2 spell: Repel Missiles
  2643 | D:4      | Reached skill level 4 in Axes
  2771 | D:4      | Reached skill level 1 in Maces & Flails
  2771 | D:4      | Reached XP level 7. HP: 55/55 MP: 9/9
  3026 | D:4      | Got a pair of faintly humming boots
  3032 | D:4      | Identified the +1 pair of boots "Dalirch" {rF+ rC- Int+2 SInv} (You found it on level 4 of the Dungeon)
  3513 | D:5      | Entered Level 5 of the Dungeon
  3537 | D:5      | Found a staircase to the Ecumenical Temple.
  3546 | Temple   | Entered the Ecumenical Temple
  3751 | D:5      | Reached skill level 1 in Stealth
  3764 | D:5      | Noticed Sigmund
  3774 | D:5      | Killed Sigmund
  3774 | D:5      | Reached skill level 5 in Fighting
  3774 | D:5      | Reached XP level 8. HP: 57/62 MP: 10/10
  3881 | D:5      | Reached *** piety under Lugonu
  4285 | D:5      | Reached skill level 5 in Axes
  4505 | D:6      | Noticed a two-headed ogre
  4751 | D:6      | Killed a two-headed ogre
  4782 | D:6      | Noticed Apogee's ghost (novice MiFi)
  5498 | D:6      | Reached skill level 5 in Invocations
  5501 | D:6      | Reached skill level 6 in Axes
  5501 | D:6      | Reached skill level 5 in Armour
  5501 | D:6      | Reached XP level 9. HP: 36/68 MP: 12/12
  5767 | D:6      | Killed Apogee's ghost
  6034 | D:7      | Found a sand-covered staircase.
  6041 | Ossuary  | Entered an ossuary
  6090 | Ossuary  | Reached skill level 7 in Axes
  6358 | D:7      | Reached XP level 10. HP: 73/77 MP: 14/14
  6649 | D:7      | Found Omeufach's Jewellery Shop.
  6652 | D:7      | Bought a +4 amulet of reflection for 250 gold pieces
  6672 | D:7      | Found Syuchelu's Antique Armour Shop.
  6718 | D:7      | Reached **** piety under Lugonu
  6729 | D:7      | Found Miwirph's Weapon Shoppe.
  6754 | D:7      | Noticed Menkaure
  6762 | D:7      | Killed Menkaure
  6762 | D:7      | Reached skill level 1 in Throwing
  6774 | D:7      | Found Xutteisoe's Magic Scroll Boutique.
  6824 | D:7      | Found Akip's Armour Boutique.
  7153 | D:8      | Found a staircase to the Lair.
  7166 | D:8      | Reached skill level 5 in Maces & Flails
  7184 | D:8      | Noticed appiemonkey's ghost (novice CeFi)
  7207 | D:8      | Killed appiemonkey's ghost
  7207 | D:8      | Reached skill level 5 in Shields
  7953 | D:9      | You fall through a shaft!
  7953 | D:10     | Entered Level 10 of the Dungeon
  8217 | D:10     | Noticed Psyche
  8218 | D:10     | Banished Psyche
  8338 | D:10     | Reached skill level 8 in Axes
  8338 | D:10     | Reached XP level 11. HP: 83/83 MP: 16/16
  8340 | D:10     | Found a staircase to the Orcish Mines.
  8659 | D:10     | Noticed a hill giant
  8681 | D:10     | Killed a hill giant
  9007 | D:10     | Gained mutation: You are robust. (+10% HP) [potion of mutation]
  9007 | D:10     | Gained mutation: You passively map a small area around you. [potion of mutation]
  9007 | D:10     | Gained mutation: You are partially covered in large bone plates. (SH +4) [potion of mutation]
  9281 | D:10     | Found a bloodstained altar of Trog.
  9356 | D:9      | Noticed Maurice
  9373 | D:9      | Killed Maurice
  9440 | D:9      | Reached skill level 9 in Axes
  9618 | D:9      | Reached ***** piety under Lugonu
  9629 | D:9      | Noticed Miant's ghost (novice DrBe)
  9636 | D:9      | You fall through a shaft for 3 floors!
  9986 | D:12     | Noticed a sun demon
  9987 | D:12     | Noticed a sun demon
 10282 | D:12     | Noticed a cyclops
 10284 | D:12     | Killed a cyclops
 10491 | D:11     | Noticed a white ugly thing
 10549 | D:12     | Killed a white ugly thing
 10564 | D:11     | Got a bloodstained quarterstaff
 10565 | D:11     | Identified the cursed +3 quarterstaff "Jellybane" {drain, +Fly rC- Dex+5} (You found it on level 11 of the Dungeon)
 10730 | D:11     | Reached XP level 12. HP: 101/101 MP: 19/19
 11061 | Lair:1   | Entered Level 1 of the Lair of Beasts
 11339 | Lair:1   | Reached skill level 10 in Axes
 11758 | Lair:1   | Noticed a seven-headed hydra
 11767 | Lair:1   | Killed a two-headed hydra
 12246 | Lair:2   | Found a hole to the Spider Nest.
 12337 | D:7      | Bought a +2 scale mail of poison resistance for 180 gold pieces
 12737 | D:12     | Reached skill level 11 in Axes
 12748 | D:12     | Noticed dvd's ghost (novice FoAK)
 13165 | Lair:2   | Reached XP level 13. HP: 96/110 MP: 20/20
 13209 | Lair:2   | Found a staircase to the Shoals.
 13422 | Lair:2   | Learned a level 3 spell: Regeneration
 13447 | Lair:2   | Reached skill level 5 in Dodging
 14027 | Lair:3   | Reached skill level 10 in Shields
 14073 | Lair:3   | Reached ****** piety under Lugonu
 15150 | Lair:4   | Reached skill level 12 in Axes
 15434 | Lair:4   | Noticed Rupert
 15466 | Lair:4   | Killed Rupert
 15743 | Lair:4   | Reached skill level 10 in Fighting
 15881 | Lair:4   | Reached XP level 14. HP: 121/121 MP: 21/21
 16214 | Lair:4   | Got an encrusted hunting sling
 16215 | Lair:4   | Identified the cursed +0 hunting sling of Evolution {flame, rN+} (You found it on level 4 of the Lair of Beasts)
 16471 | Lair:5   | Identified a +7 battleaxe of distortion (a +5 battleaxe of flaming corrupted by Lugonu)
 16471 | Lair:5   | Received a gift from Lugonu
 16676 | Lair:5   | Found a labyrinth entrance.
 16691 | Lab      | Entered a labyrinth
 17484 | Lab      | Identified the Catalogue of Fetching Boosts
 18197 | Lair:5   | Found a staircase to the Slime Pits.
 18448 | Lair:6   | Entered Level 6 of the Lair of Beasts
 18579 | Lair:6   | Reached skill level 13 in Axes
 19260 | Lair:6   | Found a burning altar of Makhleb.
 19294 | Lair:6   | Reached skill level 1 in Spellcasting
 19421 | Lair:6   | Found a gateway to Hell.
 20339 | D:9      | Found Xuytyiph's Assorted Antiques.
 20586 | D:9      | Banished Miant's ghost
 20670 | Orc:1    | Entered Level 1 of the Orcish Mines
 20827 | Orc:1    | Lost mutation: You are robust. (+10% HP) [a neqoxec]
 21302 | Orc:2    | Entered Level 2 of the Orcish Mines
 21324 | Orc:2    | Reached XP level 15. HP: 53/117 MP: 18/22
 21712 | Orc:2    | Found a staircase to the Elven Halls.
 21779 | Orc:2    | Found a roughly hewn altar of Beogh.
 21805 | Orc:2    | Found a roughly hewn altar of Beogh.
 21939 | Orc:2    | Found a roughly hewn altar of Beogh.
 21939 | Orc:2    | Found Unloacyg's Book Emporium.
 22063 | Orc:2    | Reached skill level 14 in Axes
 22173 | Orc:2    | Found a roughly hewn altar of Beogh.
 22180 | Orc:2    | Found Ferhull's Antique Armour Shop.
 22294 | Orc:2    | Noticed an orc warlord
 22299 | Orc:2    | Banished an orc warlord
 22837 | Orc:2    | Found Dot Nohuhei's Antique Weapon Boutique.
 22838 | Orc:2    | Found a roughly hewn altar of Beogh.
 22844 | Orc:2    | Found Leklogil's Antique Armour Shop.
 22902 | Orc:2    | Bought a fine plate armour for 1008 gold pieces
 22912 | Orc:2    | Identified the +1 plate armour of Synchronized Stabbing {-Cast rPois Str+4 Int+3} (You bought it in a shop on level 2 of the Orcish Mines)
 23166 | D:11     | Found an opulent altar of Gozag.
 23240 | D:11     | Found Gozag's Platinum Reserve.
 23796 | D:12     | You fall through a shaft!
 24048 | D:13     | Found a snail-covered altar of Cheibriados.
 24551 | D:14     | Found a shimmering altar of Xom.
 24619 | D:14     | Noticed Azrael
 24691 | D:14     | Killed Azrael
 25060 | D:14     | Reached skill level 15 in Axes
 25515 | D:14     | Reached XP level 16. HP: 127/127 MP: 23/23
 25564 | D:14     | Found a gate to the Vaults.
 25916 | D:12     | Killed dvd's ghost
 25997 | D:12     | Noticed a sphinx
 26016 | D:12     | Killed a sphinx
 26413 | Spider:1 | Entered Level 1 of the Spider Nest
 26984 | Spider:1 | Noticed Donald
 26998 | Spider:1 | Killed Donald
 27042 | Spider:1 | Reached skill level 10 in Armour
 27065 | Spider:1 | Reached skill level 16 in Axes
 27518 | Spider:1 | Got an encrusted ring mail
 27529 | Spider:1 | Identified the cursed +1 ring mail of the Realm of Zot {rCorr Str+2} (You found it on level 1 of the Spider Nest)
 29576 | Spider:2 | Reached XP level 17. HP: 134/134 MP: 24/24
 29693 | Spider:3 | Reached skill level 10 in Invocations
 31111 | Spider:4 | Entered Level 4 of the Spider Nest
 31112 | Spider:4 | Corrupted Spider:4
 31112 | Spider:4 | Noticed a tentacled starspawn
 31112 | Spider:4 | Noticed a tentacled starspawn
 31112 | Spider:4 | Noticed a tentacled starspawn
 31112 | Spider:4 | Noticed a bone dragon
 31368 | Spider:4 | Identified the Reference Book on the Flamy Mountains
 31614 | Spider:4 | Reached skill level 15 in Shields
 31895 | Spider:4 | Reached skill level 17 in Axes
 32370 | Spider:4 | Got a gossamer rune of Zot
 32576 | Shoals:1 | Entered Level 1 of the Shoals
 32650 | Shoals:1 | Noticed Louise
 32667 | Shoals:1 | Banished Louise
 32858 | Shoals:1 | Noticed Aizul
 32862 | Shoals:1 | Banished Aizul
 33048 | Shoals:1 | Noticed Frances
 33304 | Shoals:1 | Reached XP level 18. HP: 66/142 MP: 10/26
 33718 | Shoals:2 | Noticed Polyphemus
 33725 | Shoals:2 | Banished Polyphemus
 33856 | Shoals:2 | Found Nehenacits's Magic Scroll Shoppe.
 35440 | Shoals:3 | Corrupted Shoals:3
 35440 | Shoals:3 | Noticed a lich
 35440 | Shoals:3 | Noticed a bone dragon
 36011 | Shoals:4 | Entered Level 4 of the Shoals
 36045 | Shoals:4 | Corrupted Shoals:4
 36048 | Shoals:4 | Noticed a hellephant
 36130 | Shoals:4 | Noticed Ilsuiw
 36152 | Shoals:4 | Banished Ilsuiw
 36690 | Shoals:4 | Got a barnacled rune of Zot
 36817 | Shoals:4 | Got an ancient mace
 36818 | Shoals:4 | Identified the cursed +0 mace "Lifebane" {crush, MR+} (You found it on level 4 of the Shoals)
 37146 | Shoals:4 | Reached skill level 18 in Axes
 37942 | D:15     | Entered Level 15 of the Dungeon
 38383 | D:15     | Found a sparkling altar of Nemelex Xobeh.
 38597 | D:15     | Reached XP level 19. HP: 57/150 MP: 27/27
 39164 | D:15     | Found a staircase to the Depths.
 39526 | Elf:1    | Entered Level 1 of the Elven Halls
 39592 | Elf:1    | Identified Iriwnes's Compendium of Vitriolic Snow
 39852 | Elf:1    | Noticed Asterion
 39879 | Elf:1    | Killed Asterion
 40295 | Elf:1    | Found Istitaq's Antique Armour Shop.
 41162 | Elf:2    | Found a runed gate.
 41162 | Elf:2    | Found a runed gate.
 41162 | Elf:2    | Found a runed gate.
 41183 | Elf:2    | Gained mutation: Your body sometimes deteriorates upon taking damage. [a neqoxec]
 42034 | Vaults:1 | Entered Level 1 of the Vaults
 42113 | Vaults:1 | Found a flickering gateway to a bazaar.
 42135 | Bazaar   | Entered a bazaar
 42135 | Bazaar   | Found Fophos's General Store.
 42154 | Bazaar   | Found Nulefueg's Antique Armour Boutique.
 42165 | Bazaar   | Found Paeqacha's Antique Weapon Emporium.
 42176 | Bazaar   | Found Uwkocsuyr's Jewellery Shop.
 42184 | Bazaar   | Bought the ring "Deetac" {rElec rF+ Int+4 Dex+3} for 586 gold pieces
 42186 | Bazaar   | Found Pueco's Distillery.
 42230 | Bazaar   | Bought a crystal halberd for 252 gold pieces
 42230 | Bazaar   | Identified the +8 halberd of Uhuch {chop, rF+ Dex+4} (You bought it in a shop in a bazaar)
 42459 | Vaults:1 | Reached skill level 1 in Polearms
 42651 | Vaults:1 | Lost mutation: Your body sometimes deteriorates upon taking damage. [mutagenic meat]
 43608 | Vaults:2 | Noticed Xtahua
 43621 | Vaults:2 | Killed Xtahua
 43621 | Vaults:2 | Reached XP level 20. HP: 140/159 MP: 28/28
 44652 | Vaults:2 | Reached skill level 5 in Polearms
 45028 | Vaults:3 | Found a staircase to the Crypt.
 45496 | Vaults:3 | Found Sadogull's Assorted Antiques.
 45733 | Vaults:3 | Reached skill level 19 in Axes
 46987 | Elf:2    | Reached XP level 21. HP: 142/167 MP: 29/29
 47502 | Elf:2    | Reached skill level 15 in Fighting
 48091 | Elf:3    | Entered Level 3 of the Elven Halls
 48457 | Elf:3    | Noticed a Tzitzimitl
 48647 | Elf:3    | Reached skill level 5 in Throwing
 48853 | Elf:3    | Corrupted Elf:3
 48982 | Elf:3    | Reached skill level 15 in Armour
 49228 | Elf:3    | Cast into level 2 of the Abyss (a deep elf sorcerer)
 49328 | Elf:3    | Escaped the Abyss
 49742 | Elf:3    | Got a crystal quarterstaff {vamp}
 49759 | Elf:3    | Identified the +2 quarterstaff of Exquisite Torment {vamp, rN+ MR+ Dex-5} (You took it off a deep elf high priest on level 3 of the Elven Halls)
 50934 | Elf:3    | Killed from afar by a deep elf death mage

Skill      XL: |  1  2  3  4  5  6  7  8  9 10 11 12 13 14 15 16 17 18 19 20 21 |
---------------+----------------------------------------------------------------+-----
Dodging        | 1 2 3 4 5 6 |  6.2
Fighting       | 4 5 6 7 8 10 11 12 13 14 15 | 15.2
Axes           | 3 4 6 7 8 9 11 12 13 15 16 17 18 19 | 19.6
Shields        | 1 2 3 4 5 7 9 10 12 13 14 15 16 17 18 | 18.8
Armour         | 3 4 5 6 7 8 9 10 11 12 13 14 15 | 15.3
Invocations    | 3 5 6 7 9 10 11 | 11.7
Maces & Flails | 1 2 4 5 6 7 8 |  8.6
Stealth        | 1 2 3 |  3.3
Throwing       | 1 3 4 5 |  5.5
Spellcasting   | 1 4 |  4.0
Polearms       | 3 5 6 |  6.6
Charms         | |  0.6
Air Magic      | |  0.1
Evocations     | |  0.2

Action                   |  1- 3 |  4- 6 |  7- 9 | 10-12 | 13-15 | 16-18 | 19-21 || total
-------------------------+-------+-------+-------+-------+-------+-------+-------++-------
Melee: Hand axe          |    48 |       |       |       |       |       |       ||    48
       War axe           |    72 |   117 |   199 |   368 |   224 |       |    51 ||  1031
       Great mace        |    25 |    27 |   114 |   197 |    82 |       |       ||   445
       Scythe            |       |       |    14 |       |       |       |       ||    14
       Whip              |       |       |       |    59 |       |       |       ||    59
       Battleaxe         |       |       |       |       |   829 |  1173 |   674 ||  2676
       Halberd           |       |       |       |       |       |       |   333 ||   333
       Dire flail        |       |       |       |       |       |       |    58 ||    58
Throw: Tomahawk          |       |       |     6 |     6 |    13 |    82 |       ||   107
       Javelin           |       |       |       |       |       |    37 |   123 ||   160
 Cast: Repel Missiles    |       |       |       |       |     2 |       |       ||     2
Invok: Depart the Abyss  |     1 |       |       |       |       |       |     1 ||     2
       Banish            |       |       |       |     3 |     5 |    23 |     4 ||    35
       Bend Space        |       |       |       |       |     1 |     1 |       ||     2
       Brand Weapon With |       |       |       |       |     1 |       |       ||     1
       Corrupt           |       |       |       |       |       |     3 |     1 ||     4
 Abil: Dig               |       |     1 |     2 |     4 |     9 |    17 |     5 ||    38
       Shaft Self        |       |       |       |     2 |       |       |       ||     2
Evoke: Wand              |       |       |       |       |       |     3 |       ||     3
  Use: Scroll            |     6 |     3 |     6 |    10 |     7 |    15 |     9 ||    56
       Potion            |       |       |     2 |     7 |     3 |     5 |     6 ||    23
 Stab: Distracted        |       |       |       |       |     1 |     1 |     2 ||     4
       Petrified         |       |       |       |       |       |     1 |       ||     1
  Eat: Chunk             |     1 |     6 |     7 |    23 |    36 |    38 |    33 ||   144
       Meat ration       |       |       |     1 |       |     1 |     2 |     1 ||     5
       Bread ration      |       |       |     1 |       |       |       |       ||     1
       Pizza             |       |       |       |       |     1 |     1 |     1 ||     3
       Beef jerky        |       |       |       |       |     1 |     3 |     4 ||     8
       Royal jelly       |       |       |       |       |       |     1 |     1 ||     2
Armor: Leather armour    |     8 |       |       |       |       |       |       ||     8
       Scale mail        |    82 |    84 |    20 |    29 |   176 |       |       ||   391
       Ring mail         |       |       |    99 |   151 |       |       |       ||   250
       Skin              |       |       |       |     2 |       |       |       ||     2
       Plate armour      |       |       |       |       |    59 |   432 |   210 ||   701
Dodge: Dodged            |    69 |    45 |   123 |   190 |   297 |   234 |   157 ||  1115
       Deflected         |       |       |       |       |     5 |       |       ||     5
Block: Shield            |    40 |    64 |   130 |   531 |  1090 |  1482 |   994 ||  4331
       Reflection        |       |       |       |     8 |    64 |   156 |   113 ||   341
